 Dungeon Sprint DCSS version 0.19-a0-1878-gcbc8a98 (webtiles) character file.

36 GrittyGramps the Covered (level 2, -2/20 HPs)
             Began as a Gargoyle Fighter on Oct 13, 2016.
             Was a Believer of Trog.
             Killed from afar by a smoke demon (18 damage)
             ... with a ball of steam
             ... summoned by a kobold demonologist
             ... in the Dungeon (Sprint VI: "Thunderdome").
             The game lasted 00:02:27 (321 turns).

GrittyGramps the Covered (Gargoyle Fighter)          Turns: 321, Time: 00:02:28

Health: -2/20      AC: 10    Str: 19    XL:     2   Next: 83%
Magic:  2/2        EV:  7    Int:  8    God:    Trog [**....]
Gold:   280        SH:  9    Dex:  9    Spells: 0 memorised, 1 level left

rFire  . . .     SeeInvis .     a - +0 flail
rCold  . . .     Gourm    .     b - +0 scale mail
rNeg   + . .     Faith    .     c - +0 shield
rPois  ∞         Spirit   .     (no helmet)
rElec  +         Dismiss  .     (no cloak)
rCorr  .         Reflect  .     (no gloves)
MR     .....     Harm     .     (no boots)
Stlth  .......... NoTele   +    (no amulet)
                                (no ring)
                                (no ring)

@: very slightly contaminated
A: negative energy resistance 1, electricity resistance, unbreathing,
petrification resistance, rot immunity, AC +2
a: Berserk, Trog's Hand, Burn Spellbooks, Renounce Religion


You were in the Dungeon.
You worshipped Trog.
Trog was pleased with you.
You were very full.

You visited 1 branch You collected 280 gold pieces.

Inventory:

Hand Weapons
 a - a +0 flail (weapon)
Armour
 b - a +0 scale mail (worn)
 c - a +0 shield (worn)
Wands
 m - a wand of acid (5/15)
 n - a wand of iceblast (4/15)
Scrolls
 k - 3 scrolls of blinking
 o - 3 scrolls of fog
Potions
 d - a potion of might
 e - a potion of curing
 g - 4 potions of heal wounds
 h - 4 potions of haste
 i - 2 potions of magic
 l - 2 potions of resistance


   Skills:
 + Level 4.2 Fighting
 + Level 2.9 Maces & Flails
 + Level 4.7 Armour
 + Level 4.5 Shields


You had one spell level left.
You didn't know any spells.

Dungeon Overview and Level Annotations

Branches:
Dungeon (1/1)

Altars:
Cheibriados
Dithmenos
Fedhas
Gozag
Kikubaaqudgha
Makhleb
Okawaru
Qazlal
Ru
Sif Muna
Trog
Uskayaw
Vehumet
Xom
Yredelemnul
Zin
The Shining One
Beogh
Jiyva
Lugonu

Shops:
D *[%??*?*:[((!!!!


Innate Abilities, Weirdness & Mutations

You are resistant to torment.
Your stone body is resilient. (AC +2)
You are immune to poison.
You resist negative energy. (rN+)
You are resistant to electric shocks. (rElec)
You can survive without breathing.
You are immune to petrification.
You are immune to rotting.


Message History

Press: ? - help, Shift-Dir - straight line The mass of ice explodes!
The iceblast engulfs the iron imp.
The iron imp partially resists.
The iron imp is heavily wounded.
This wand has 4 charges left.
The kobold demonologist mumbles some strange words.
The big kobold hits you but does no damage.
The crimson imp blinks!
Blink to where?
Press: ? - help, Dir - move target cursor You are very lightly contaminated with residual magic.
As you read the scroll of blinking, it crumbles to dust.
The kobold demonologist looks satisfied for a moment.
The iron imp shouts, "Fly, thou peaked tardy-gaited gonus!"
The kobold demonologist casts a cantrip, but nothing happens.
The crimson imp blinks!
The smoke demon gestures at you. The ball of steam hits you!
Ouch! That really hurt!
You die...

##∩........8.#
#.8........∩###
##∩___......###......_._∩##
######58..K5.....8.######
#§...).......⌠#
###.KK.3....### #_...5§.._#
#.....§...# #_.....§..#
#∩.....@.∩# ##∩.....∩##
##.....## ##⌠⌠⌠## #####


You could see 2 kobold demonologists, a smoke demon, a big kobold, an iron imp
and a crimson imp.

Vanquished Creatures
  An adder (D)
  A leopard gecko (D)
  2 bats (D)
  A hobgoblin (D)
  3 kobolds (D)
  2 goblins (D)
10 creatures vanquished.

Notes
Turn   | Place    | Note
-------+----------+-------------------------------------------
     0 | D        | GrittyGramps the Gargoyle Fighter began the quest for the Orb.
     0 | D        | Reached XP level 1. HP: 14/14 MP: 1/1
     4 | D        | Found a corrupted altar of Lugonu.
     4 | D        | Found a glowing golden altar of the Shining One.
     5 | D        | Found a burning altar of Makhleb.
     5 | D        | Found a glowing silver altar of Zin.
     5 | D        | Round 1.
     6 | D        | Found a radiant altar of Vehumet.
     6 | D        | Found a stormy altar of Qazlal.
     7 | D        | Found Tydyh Sir's Distillery.
     7 | D        | Found a hide-covered altar of Uskayaw.
     7 | D        | Found Liawk's Do-It-Yourself Clinic.
     8 | D        | Found Duxzui's Distillery.
     8 | D        | Found Gerer's Bottled Wisdom.
    16 | D        | Found a viscous altar of Jiyva.
    19 | D        | Found Ywyufep's Staff Store.
    20 | D        | Found a snail-covered altar of Cheibriados.
    20 | D        | Found a sacrificial altar of Ru.
    20 | D        | Found an ancient bone altar of Kikubaaqudgha.
    20 | D        | Found Bocverchupn's Magic Scroll Shop.
    20 | D        | Found Jaufap's Must-Have Magic.
    20 | D        | Found Ocemiwumm's Magic Scroll Shop.
    24 | D        | Found a blossoming altar of Fedhas.
    27 | D        | Found an opulent altar of Gozag.
    29 | D        | Found a bloodstained altar of Trog.
    32 | D        | Found Cadghen's Bee Food.
    33 | D        | Found Matromp's Jewellery.
    33 | D        | Found Jehia's Advanced Armour.
    36 | D        | Found a deep blue altar of Sif Muna.
    36 | D        | Found an iron altar of Okawaru.
    36 | D        | Found a shadowy altar of Dithmenos.
    36 | D        | Found Ceraf's Identification Station.
    48 | D        | Became a worshipper of Trog the Wrathful
    62 | D        | Found a shimmering altar of Xom.
    68 | D        | Found a roughly hewn altar of Beogh.
    70 | D        | Found Niteocen's Premium Goods.
    71 | D        | Found Cuowubih's Miscellaneous Merchandise.
    71 | D        | Found Lusmiun's Basic Armour.
    72 | D        | Found a basalt altar of Yredelemnul.
    72 | D        | Found Liel's Weapon Rack.
   143 | D        | Reached XP level 2. HP: 16/20 MP: 2/2
   152 | D        | Reached * piety under Trog
   154 | D        | Arena points: 12 (+12) [x2]
   183 | D        | Round 2.
   218 | D        | Reached ** piety under Trog
   223 | D        | Noticed Ijyb
   235 | D        | Arena points: 36 (+24) [x3]
   249 | D        | Round 3.
   301 | D        | Noticed a kobold demonologist
   304 | D        | Noticed a big kobold
   315 | D        | Noticed a kobold demonologist
   316 | D        | Noticed a crimson imp
   318 | D        | Noticed a smoke demon
   321 | D        | Killed from afar by a smoke demon

Vault maps used:
D:        arena_sprint

Skill      XL: |  1 |
---------------+----+-----
Fighting       | 4 |  4.2
Armour         | 4 |  4.7
Shields        | 4 |  4.5
Maces & Flails | |  2.9

Action                   || total
-------------------------++-------
Melee: Flail             ||    65
Evoke: Wand              ||     1
  Use: Potion            ||     1
       Scroll            ||     1
  Eat: Bread ration      ||     1
Armor: Scale mail        ||    57
Dodge: Dodged            ||    23
Block: Shield            ||    46
